 Dungeon Crawl Stone Soup version 0.29-a0-234-g0dae59b3db (webtiles) character file.

Game seed: 18056038306029215370

28 spaghetti the Ruffian (level 2, 0/25 HPs)
             Began as a Demigod Fighter on Mar 4, 2022.
             Succumbed to an adder's poison
             ... on level 2 of the Dungeon.
             The game lasted 00:00:42 (80 turns).

spaghetti the Ruffian (Demigod Fighter)               Turns: 80, Time: 00:00:43

Health: 0/25       AC:  6    Str: 17    XL:     2   Next: 78%
Magic:  4/4        EV:  8    Int: 10    God:
Gold:   12         SH:  4    Dex: 13    Spells: 1/1 levels left

rFire   . . .      SeeInvis .     - Unarmed
rCold   . . .      Faith    .   b - +0 buckler
rNeg    . . .      Spirit   .   a - +0 scale mail
rPois   .          Reflect  .   (no helmet)
rElec   .          Harm     .   (no cloak)
rCorr   .          Rampage  .   (no gloves)
Will    .....                   (no boots)
Stlth   ..........              (no amulet)
HPRegen 0.08/turn               (no ring)
MPRegen 0.09/turn               (no ring)

@: mighty, lethally poisoned (0 -> -4)
A: high MP 1, forlorn, divine attributes
a: no special abilities


You were on level 2 of the Dungeon.
You visited 1 branch of the dungeon, and saw 2 of its levels.

You collected 12 gold pieces.


Innate Abilities, Weirdness & Mutations

You have an increased reservoir of magic. (+10% MP)
You shall have no god before yourself.
Your divine heritage dramatically boosts your attributes as you level up.


   Skills:
 - Level 2.6 Fighting
 - Level 2.6 Armour
 - Level 2.6 Shields
 + Level 3.2 Unarmed Combat


You had one spell level left.
You didn't know any spells.
Your spell library contained the following spells:

 Spells                   Type           Power      Damage    Failure   Level
 Sandblast                Erth           0%         2d4       86%         1
 Passwall                 Tmut/Erth      0%         N/A       95%         2
 Stone Arrow              Conj/Erth      0%         3d7       99%         3

Inventory:

Hand Weapons
 d - a +0 flail {mace}
   (You found it on level 1 of the Dungeon)
Armour
 a - a +0 scale mail (worn)
 b - a +0 buckler (worn)

Dungeon Overview and Level Annotations

Branches:
Dungeon (2/15)

Shops:
D:2

( .# .# .#
####.#
####....#
###.......###
#...........#
......†@..#
.####.###.#
.. .# #.. .#
#. .# .. .# .
.# .#


There were no monsters in sight!


Message History

The ball python grabs you. The ball python constricts you.
You punch the ball python!
You kill the ball python!
The ball python bites you but does no damage.
The ball python grabs you. The ball python constricts you.
You punch the ball python!
You kill the ball python!
You punch the hobgoblin!
You kill the hobgoblin!
You start resting.
A gnoll comes into view. It is wielding a +0 spear.
A gnoll is nearby! 2 gnolls come into view.
The gnoll shouts! x2
You block the gnoll's attack.
The gnoll moves out of view.
Things that are here:
a +0 club {mace}; a ball python corpse; a goblin corpse You hit the gnoll.
The gnoll hits you with a +0 spear.
* * * LOW HITPOINT WARNING * * *
😨 HP[-4]
You take 4 damage, and now have 5/18 hp.
MASSIVE DAMAGE!! (PAUSE)
You hit the gnoll. You block the gnoll's attack.
You punch the gnoll!
You kill the gnoll!
You have reached level 2! 😨 HP[+2] MP[+1]
You now have 25 max hp (+7).
You regained 2 hp, and now have 7/25 hp.
Your mp is fully restored (4).
You aren't carrying any items that you can evoke.
You aren't carrying any potions.
As you read the scroll labelled FEFRUASOGGA, it crumbles to dust.
You feel strangely unstable.
It was a scroll of teleportation. 😨 HP[+1]
You punch the gnoll! You hit the gnoll.
You kill the gnoll!
Your Unarmed Combat skill increases to level 3!
You punch the gnoll!
Your surroundings suddenly seem different.
An adder and an endoplasm come into view.
The adder hisses angrily.
The endoplasm quivers.
You hear a shout!
A hobgoblin comes into view.
The adder moves out of view.
You see here a book of Geomancy.
You pick up a book of Geomancy and begin reading...
You add the spells Sandblast, Passwall and Stone Arrow to your library.
You hit the endoplasm. The endoplasm freezes you.
You are frozen.
* * * LOW HITPOINT WARNING * * *
😱 HP[-2]
You take 2 damage, and now have 6/25 hp.
You punch the endoplasm!
You kill the endoplasm!
The adder closely misses you.
You closely miss the adder. You block the adder's attack.
You closely miss the adder. The adder bites you but does no damage.
The adder closely misses you.
You miss the adder. The hobgoblin closely misses you.
The adder bites you but does no damage.
You barely miss the adder. The adder bites you.
* * * LOW HITPOINT WARNING * * *
The hobgoblin barely misses you. 😱 HP[-2]
You take 2 damage, and now have 4/25 hp.
You punch the hobgoblin!
You kill the hobgoblin!
The adder bites you but does no damage.
You miss the adder. The adder bites you but does no damage.
The adder closely misses you. 😱 HP[+1]
You punch the adder! The adder bites you.
* * * LOW HITPOINT WARNING * * *
😱 HP[-1]
You take 1 damage, and now have 4/25 hp.
You completely miss the adder. The adder bites you but does no damage.
You miss the adder. The adder bites you.
* * * LOW HITPOINT WARNING * * *
The adder bites you.
* * * LOW HITPOINT WARNING * * *
You are lethally poisoned!
The adder poisons you! 😱 HP[-2]
You take 2 damage, and now have 2/25 hp.
You aren't carrying any potions.
You closely miss the adder.
* * * LOW HITPOINT WARNING * * *
You feel sick. You block the adder's attack. 😱 HP[-1]
You take 1 damage, and now have 1/25 hp.
You punch the adder!
You kill the adder!
You die...

Skill      XL: |  1  2 |
---------------+-------+-----
Unarmed Combat | 2 3 |  3.2
Fighting       | |  2.6
Armour         | |  2.6
Shields        | |  2.6

Action                   || total
-------------------------++-------
Melee: Unarmed           ||    32
  Use: Potion            ||     1
       Scroll            ||     1
Armor: Scale mail        ||    16
Dodge: Dodged            ||    10
Block: Buckler           ||    12

Levels and vault maps discovered:
D:1:      dpeg_arrival_orchard, layout_basic, minmay_worlds_worst_comb
D:2:      minmay_recursive_quarters, layout_rooms, serial_shops,
          nicolae_shop_hallway_plus

Notes
Turn   | Place    | Note
-------+----------+-------------------------------------------
     0 | D:1      | spaghetti the Demigod Fighter began the quest for the Orb.
     0 | D:1      | Reached XP level 1. HP: 18/18 MP: 3/3
     0 | D:1      | magus.rc [v1.9.6]
    45 | D:2      | Found Zibicouf's Antique Weapon Shoppe.
    49 | D:2      | Reached skill level 2 in Unarmed Combat
    62 | D:2      | Reached XP level 2. HP: 7/25 MP: 4/4
    65 | D:2      | Reached skill level 3 in Unarmed Combat
    67 | D:2      | You pick up a book of Geomancy and begin reading...
    67 | D:2      | You add the spells Sandblast, Passwall and Stone Arrow to
                  | your library.
    68 | D:2      | HP: 6/25 [frozen (2)]
    73 | D:2      | HP: 4/25 [adder (2)]
    78 | D:2      | HP: 3/25 [adder (1)]
    79 | D:2      | HP: 1/25 [poisoned by an adder]
    80 | D:2      | Succumbed to an adder's poison

Vanquished Creatures
  An adder (D:2)
  2 gnolls (D:2)
  3 ball pythons
  An endoplasm (D:2)
  A goblin (D:2)
  2 hobgoblins (D:2)
  A rat (D:2)
11 creatures vanquished.

Table legend:
 A = Non-vault XP
 B = Vault XP
 C = Vault XP percentage of total XP
 D = Non-vault monster count
 E = Vault monster count
 F = Vault count percentage of total count
                 A         B        C        D         E       F
            +---------+---------+-------+---------+---------+-------
      Total |      39 |      16 |  29.1 |       9 |       2 |  18.2
            +---------+---------+-------+---------+---------+-------
        D:1 |       2 |       0 |   0.0 |       1 |       0 |   0.0
        D:2 |      37 |      16 |  30.2 |       8 |       2 |  20.0
            +---------+---------+-------+---------+---------+-------

Illustrated notes

Table legend:
 A = Kills in this place as a percentage of kills in entire the game.
 B = Kills by you in this place as a percentage of kills by you in the entire game.
 C = Kills by friends in this place as a percentage of kills by friends in the entire game.
 D = Other kills in this place as a percentage of other kills in the entire game.
 E = Experience gained in this place as a percentage of experience gained in the entire game.
 F = Experience gained in this place divided by the number of levels of this place that you have seen.
                   A       B       C       D       E      F
               +-------+-------+-------+-------+-------+----------------------
         Total | 100.0 | 100.0 |   N/A |   N/A | 100.0 |  27.5
       Dungeon | 100.0 | 100.0 |   N/A |   N/A | 100.0 |  27.5
               +-------+-------+-------+-------+-------+----------------------

Table legend: (Time is in decaauts)
 A = Elapsed time spent in this place.
 B = Non-inter-level travel time spent in this place.
 C = Inter-level travel time spent in this place.
 D = Time resting spent in this place.
 E = Time spent auto-exploring this place.
 F = Levels seen in this place.
 G = Mean time per level.
                   A        B        C        D        E       F      G
               +--------+--------+--------+--------+--------+-----+--------+
         Total |     79 |     79 |      0 |      4 |     25 |   2 |   39.5 |
       Dungeon |     79 |     79 |      0 |      4 |     25 |   2 |   39.5 |
               +--------+--------+--------+--------+--------+-----+--------+

Top non-repeatable levels by time:
     D:1: 45 daAuts
     D:2: 34 daAuts
